TOP OF THE 1ST |
Minnesota Death Stars batting - Pitching for Plumstead Eagles : RHP Lane Lund
|
Pitching: RHP Lane Lund
|
|
Batting: RHB Sergio Calderón
|
0-0: Called Strike 0-1: Ball 1-1: Ball 2-1: Foul Ball, location: 2F 2-2: Ball 3-2: Base on Balls
|
Batting: RHB Mike Wagner
|
Pickoff Throw to First - Error! E1 Sergio Calderón to second 0-0: SINGLE (Groundball, 13) (infield hit) Sergio Calderón to third
|
Batting: RHB William Robinson
|
0-0: Ball 1-0: Ball 2-0: Ball 3-0: Called Strike 3-1: Base on Balls Mike Wagner to second
|
Batting: RHB Christian Moss
|
0-0: Ball 1-0: Called Strike 1-1: SINGLE (Groundball, 6MD) Sergio Calderón scores Mike Wagner to third William Robinson to second Runner from 3rd tries for Home, SAFE, no throw
|
Batting: RHB Raúl Flores
|
0-0: Called Strike William Robinson is caught stealing 3rd base Christian Moss to second 0-1: SINGLE (Line Drive, 8LS) Christian Moss to third
|
Batting: LHB Shannon Hunter
|
0-0: Swinging Strike 0-1: Foul Ball, location: 2F 0-2: Ball 1-2: Strikes out swinging
|
Batting: RHB Kel Weeks
|
0-0: SINGLE (Groundball, 56D) Christian Moss scores Raúl Flores to second
|
Batting: RHB Vaughan Tillman
|
0-0: SINGLE (Line Drive, 6MD) Raúl Flores to third Kel Weeks to second Runner from 3rd tries for Home, SAFE, throw made home
|
Batting: RHB Pat Bray
|
0-0: Ball 1-0: Ball 2-0: Called Strike 2-1: Ground out 3-1 (Groundball, 34)
|
Top of the 1st over - 4 run(s), 5 hit(s), 1 error(s), 2 left on base; Minnesota 4 - Plumstead 0 |
BOTTOM OF THE 1ST |
Plumstead Eagles batting - Pitching for Minnesota Death Stars : RHP Gilbert Bright
|
Pitching: RHP Gilbert Bright
|
|
Batting: RHB Allen Hobbs
|
0-0: SINGLE (Flyball, 78S)
|
Batting: RHB José Moreno
|
0-0: Ball 1-0: Called Strike 1-1: Foul Ball, location: 2F 1-2: Ball 2-2: Foul Ball, location: 2F 2-2: Fielders Choice at 2nd, 4-6 (Groundball, 4)
|
Batting: RHB Jaime Rodríguez
|
0-0: Called Strike 0-1: Fly out, F8 (Flyball, 8LD)
|
Batting: RHB Kolomon Meise
|
0-0: Called Strike 0-1: Ball 1-1: Foul Ball, location: 2F 1-2: Ball Throwing error on steal attempt, E2 José Moreno to third 2-2: SINGLE (Flyball, 7LM) José Moreno scores
|
Batting: RHB Jeff Townsley
|
0-0: Called Strike 0-1: Ball 1-1: Ball 2-1: Called Strike 2-2: Foul Ball, location: 2F 2-2: Foul Ball, location: 2F 2-2: Ball 3-2: Foul Ball, location: 2F 3-2: Foul Ball, location: 2F 3-2: Ground out 4-3 (Groundball, 4)
|
Bottom of the 1st over - 1 run(s), 2 hit(s), 1 error(s), 1 left on base; Minnesota 4 - Plumstead 1 |
TOP OF THE 2ND |
Minnesota Death Stars batting - Pitching for Plumstead Eagles : RHP Lane Lund
|
Batting: RHB Sergio Calderón
|
0-0: DOUBLE (Flyball, 78M)
|
Batting: RHB Mike Wagner
|
0-0: Ball 1-0: Fly out, F8 (Flyball, 8LS)
|
Batting: RHB William Robinson
|
0-0: Called Strike 0-1: Fly out, F6 (Popup, 6D)
|
Batting: RHB Christian Moss
|
0-0: Called Strike 0-1: Ball 1-1: Ball 2-1: Ball 3-1: Foul Ball, location: 2F 3-2: Strikes out swinging
|
Top of the 2nd over - 0 run(s), 1 hit(s), 0 error(s), 1 left on base; Minnesota 4 - Plumstead 1 |
BOTTOM OF THE 2ND |
Plumstead Eagles batting - Pitching for Minnesota Death Stars : RHP Gilbert Bright
|
Batting: RHB Diego Ledezma
|
0-0: Called Strike 0-1: Ball 1-1: Ball 2-1: Bunted foul 2-2: Ground out 6-3 (Groundball, 6)
|
Batting: RHB Matt Thompson
|
0-0: Ball 1-0: Ball 2-0: Foul Ball, location: 2F 2-1: Ball 3-1: Base on Balls
|
Batting: RHB Howard Johnson
|
0-0: Swinging Strike 0-1: DOUBLE (Flyball, 89D) Matt Thompson to third Runner from 3rd tries for Home, SAFE, no throw
|
Batting: LHB Ryan Flynn
|
0-0: Ball 1-0: Fly out, F7 (Flyball, 7D) Runner from 2nd tags up, SAFE at 3rd, no throw
|
Batting: RHB Allen Hobbs
|
0-0: Ground out 6-3 (Groundball, 6)
|
Bottom of the 2nd over - 1 run(s), 1 hit(s), 0 error(s), 1 left on base; Minnesota 4 - Plumstead 2 |
TOP OF THE 3RD |
Minnesota Death Stars batting - Pitching for Plumstead Eagles : RHP Lane Lund
|
Batting: RHB Raúl Flores
|
0-0: Called Strike 0-1: Foul Ball, location: 2F 0-2: Fly out, F8 (Flyball, 8LM)
|
Batting: LHB Shannon Hunter
|
0-0: Ball 1-0: Called Strike 1-1: Ball 2-1: Called Strike 2-2: Ground out 4-3 (Groundball, 4)
|
Batting: RHB Kel Weeks
|
0-0: Ball 1-0: Fly out, F6 (Popup, 6MD)
|
Top of the 3rd over - 0 run(s), 0 hit(s), 0 error(s), 0 left on base; Minnesota 4 - Plumstead 2 |
BOTTOM OF THE 3RD |
Plumstead Eagles batting - Pitching for Minnesota Death Stars : RHP Gilbert Bright
|
Batting: RHB José Moreno
|
0-0: Ball 1-0: Ball 2-0: SINGLE (Groundball, 56D)
|
Batting: RHB Jaime Rodríguez
|
0-0: Called Strike 0-1: Foul Ball, location: 2F 0-2: Fly out, F8 (Flyball, 89M)
|
Batting: RHB Kolomon Meise
|
0-0: Ball 1-0: Ball 2-0: Foul Ball, location: 2F 2-1: Fly out, F8 (Flyball, 8RS)
|
Batting: RHB Jeff Townsley
|
0-0: Ball 1-0: Fly out, F9 (Flyball, 9LM)
|
Bottom of the 3rd over - 0 run(s), 1 hit(s), 0 error(s), 1 left on base; Minnesota 4 - Plumstead 2 |
TOP OF THE 4TH |
Minnesota Death Stars batting - Pitching for Plumstead Eagles : RHP Lane Lund
|
Batting: RHB Vaughan Tillman
|
0-0: Ball 1-0: SINGLE (Groundball, 6MD)
|
Batting: RHB Pat Bray
|
0-0: Ball 1-0: Called Strike 1-1: Swinging Strike 1-2: Strikes out swinging
|
Batting: RHB Sergio Calderón
|
0-0: Ball 1-0: Ground out 5-3 (Groundball, 5S) Vaughan Tillman to second
|
Batting: RHB Mike Wagner
|
0-0: Ball 1-0: Called Strike 1-1: Called Strike 1-2: Strikes out swinging
|
Top of the 4th over - 0 run(s), 1 hit(s), 0 error(s), 1 left on base; Minnesota 4 - Plumstead 2 |
BOTTOM OF THE 4TH |
Plumstead Eagles batting - Pitching for Minnesota Death Stars : RHP Gilbert Bright
|
Batting: RHB Diego Ledezma
|
0-0: Ball 1-0: Ball 2-0: Ball 3-0: Base on Balls
|
Batting: RHB Matt Thompson
|
0-0: Called Strike 0-1: Ball 1-1: Fly out, F8 (Flyball, 89M)
|
Batting: RHB Howard Johnson
|
0-0: Called Strike 0-1: Ball 1-1: Ball 2-1: Ground out 5-3 (Groundball, 56S) Diego Ledezma to second
|
Batting: LHB Ryan Flynn
|
0-0: Fly out, F8 (Flyball, 89S)
|
Bottom of the 4th over - 0 run(s), 0 hit(s), 0 error(s), 1 left on base; Minnesota 4 - Plumstead 2 |
TOP OF THE 5TH |
Minnesota Death Stars batting - Pitching for Plumstead Eagles : RHP Lane Lund
|
Batting: RHB William Robinson
|
0-0: Called Strike 0-1: SINGLE (Line Drive, 8LS)
|
Batting: RHB Christian Moss
|
0-0: Foul Ball, location: 2F 0-1: Called Strike 0-2: Ball 1-2: Foul Ball, location: 2F 1-2: Grounds into double play, 6-4-3 (Groundball, 56)
|
Batting: RHB Raúl Flores
|
0-0: SINGLE (Groundball, 4D)
|
Batting: LHB Shannon Hunter
|
0-0: Called Strike 0-1: Foul Ball, location: 2F 0-2: Ball 1-2: Strikes out looking
|
Top of the 5th over - 0 run(s), 2 hit(s), 0 error(s), 1 left on base; Minnesota 4 - Plumstead 2 |
BOTTOM OF THE 5TH |
Plumstead Eagles batting - Pitching for Minnesota Death Stars : RHP Gilbert Bright
|
Batting: RHB Allen Hobbs
|
0-0: Ball 1-0: Foul Ball, location: 2F 1-1: Called Strike 1-2: Strikes out swinging
|
Batting: RHB José Moreno
|
0-0: Swinging Strike 0-1: Ball 1-1: Ball 2-1: Foul Ball, location: 2F 2-2: Fly out, F8 (Flyball, 8RM)
|
Batting: RHB Jaime Rodríguez
|
0-0: Fly out, F7 (Line Drive, 78S)
|
Bottom of the 5th over - 0 run(s), 0 hit(s), 0 error(s), 0 left on base; Minnesota 4 - Plumstead 2 |
TOP OF THE 6TH |
Minnesota Death Stars batting - Pitching for Plumstead Eagles : RHP Lane Lund
|
Batting: RHB Kel Weeks
|
0-0: Swinging Strike 0-1: Foul Ball, location: 2F 0-2: Strikes out swinging
|
Batting: RHB Vaughan Tillman
|
0-0: Called Strike 0-1: Called Strike 0-2: Ball 1-2: Strikes out swinging
|
Batting: RHB Pat Bray
|
0-0: Foul Ball, location: 2F 0-1: Called Strike 0-2: Strikes out swinging
|
Top of the 6th over - 0 run(s), 0 hit(s), 0 error(s), 0 left on base; Minnesota 4 - Plumstead 2 |
BOTTOM OF THE 6TH |
Plumstead Eagles batting - Pitching for Minnesota Death Stars : RHP Gilbert Bright
|
Batting: RHB Kolomon Meise
|
0-0: Ball 1-0: Swinging Strike 1-1: Called Strike 1-2: Ball 2-2: Ball 3-2: Base on Balls
|
Batting: RHB Jeff Townsley
|
0-0: Called Strike 0-1: Foul Ball, location: 2F 0-2: Ball 1-2: Strikes out swinging
|
Batting: RHB Diego Ledezma
|
0-0: Ball 1-0: Ball 2-0: Called Strike 2-1: Grounds into double play, 6-4-3 (Groundball, 6)
|
Bottom of the 6th over - 0 run(s), 0 hit(s), 0 error(s), 0 left on base; Minnesota 4 - Plumstead 2 |
TOP OF THE 7TH |
Minnesota Death Stars batting - Pitching for Plumstead Eagles : RHP Lane Lund
|
Batting: RHB Sergio Calderón
|
0-0: Ball 1-0: Called Strike 1-1: Ground out 6-3 (Groundball, 6S)
|
Pitching: RHP Jesús Germán
|
|
Batting: RHB Mike Wagner
|
0-0: SINGLE (Groundball, 6MD)
|
Batting: RHB William Robinson
|
0-0: Ball 1-0: Called Strike 1-1: Foul Ball, location: 2F 1-2: Ball 2-2: Grounds into double play, 3-6-1 (Groundball, 3)
|
Top of the 7th over - 0 run(s), 1 hit(s), 0 error(s), 0 left on base; Minnesota 4 - Plumstead 2 |
BOTTOM OF THE 7TH |
Plumstead Eagles batting - Pitching for Minnesota Death Stars : RHP Gilbert Bright
|
Pitching: RHP Jerry Catron
|
|
Batting: RHB Matt Thompson
|
0-0: Called Strike 0-1: Called Strike 0-2: Ball 1-2: SINGLE (Groundball, 5D)
|
Batting: RHB Howard Johnson
|
0-0: Ball 1-0: Called Strike 1-1: Ball 2-1: Foul Ball, location: 2F 2-2: Strikes out swinging
|
Batting: LHB Ryan Flynn
|
0-0: SINGLE (Groundball, 4D) Matt Thompson to second Runner from 2nd tries for 3rd, SAFE, throw made to third Ryan Flynn to second
|
Pinch Hitting: RHB José Ortega
|
0-0: Ball 1-0: Foul Ball, location: 2F 1-1: Foul Ball, location: 2F 1-2: Strikes out swinging
|
Pinch Hitting: RHB Juan Caceres
|
0-0: Called Strike 0-1: Swinging Strike 0-2: Ball 1-2: Strikes out swinging
|
Bottom of the 7th over - 0 run(s), 2 hit(s), 0 error(s), 2 left on base; Minnesota 4 - Plumstead 2 |
TOP OF THE 8TH |
Minnesota Death Stars batting - Pitching for Plumstead Eagles : RHP Jesús Germán
|
Now at 3B: Juan Caceres
|
|
Now at SS: Wilson Durán
|
|
Batting: RHB Christian Moss
|
0-0: Ball 1-0: Ball 2-0: Called Strike 2-1: Ball 3-1: Base on Balls
|
Batting: RHB Raúl Flores
|
0-0: Called Strike 0-1: SINGLE (Groundball, 6S) (infield hit) Christian Moss to second
|
Pinch Hitting: RHB Octávio Ramos
|
0-0: Ball 1-0: Ball 2-0: Grounds into double play, 5-4-3 (Groundball, 5) Christian Moss to third
|
Batting: RHB Kel Weeks
|
0-0: Ball 1-0: Foul Ball, location: 2F 1-1: Ball 2-1: Swinging Strike 2-2: Strikes out swinging
|
Top of the 8th over - 0 run(s), 1 hit(s), 0 error(s), 1 left on base; Minnesota 4 - Plumstead 2 |
BOTTOM OF THE 8TH |
Plumstead Eagles batting - Pitching for Minnesota Death Stars : RHP Jerry Catron
|
Now at 1B: Sean King
|
|
Batting: RHB Jaime Rodríguez
|
0-0: Ball 1-0: Fly out, F9 (Flyball, 9S)
|
Batting: RHB Kolomon Meise
|
0-0: Called Strike 0-1: Swinging Strike 0-2: Foul Ball, location: 2F 0-2: Ball 1-2: Ball 2-2: Strikes out looking
|
Batting: RHB Jeff Townsley
|
0-0: Foul Ball, location: 2F 0-1: Called Strike 0-2: Ball 1-2: Ball 2-2: SOLO HOME RUN (Line Drive, 78XD), Distance : 399 ft
|
Batting: RHB Diego Ledezma
|
0-0: Ball 1-0: Ball 2-0: Called Strike 2-1: Ball 3-1: Base on Balls
|
Pinch Hitting: RHB Rob Brady
|
0-0: Ground out 3-1 (Groundball, 34)
|
Bottom of the 8th over - 1 run(s), 1 hit(s), 0 error(s), 1 left on base; Minnesota 4 - Plumstead 3 |
TOP OF THE 9TH |
Minnesota Death Stars batting - Pitching for Plumstead Eagles : RHP Jesús Germán
|
Now at 3B: Rob Brady
|
|
Batting: RHB Vaughan Tillman
|
0-0: Swinging Strike 0-1: Ball 1-1: Swinging Strike 1-2: Fly out, F7 (Flyball, 7)
|
Batting: RHB Pat Bray
|
0-0: Foul Ball, location: 2F 0-1: Ground out 6-3 (Groundball, 6)
|
Batting: RHB Sergio Calderón
|
0-0: Foul Ball, location: 2F 0-1: Ball 1-1: Called Strike 1-2: Foul Ball, location: 2F 1-2: Foul Ball, location: 2F 1-2: Ball 2-2: Strikes out swinging
|
Top of the 9th over - 0 run(s), 0 hit(s), 0 error(s), 0 left on base; Minnesota 4 - Plumstead 3 |
TOP OF THE 10TH |
Minnesota Death Stars batting - Pitching for Plumstead Eagles : RHP Jesús Germán
|
Pitching: LHP Pat Bruce
|
|
Now at SS: Pablo Villarreal
|
|
Now in LF: Dennis McConnell
|
|
Batting: RHB Mike Wagner
|
0-0: Fly out, F2 (Popup, 25)
|
Batting: RHB William Robinson
|
0-0: Called Strike 0-1: Ball 1-1: Swinging Strike 1-2: Ball 2-2: Foul Ball, location: 2F 2-2: Ball 3-2: Foul Ball, location: 2F 3-2: Base on Balls
|
Pinch Hitting: RHB Earl Godwin
|
0-0: Ball 1-0: Called Strike 1-1: Foul Ball, location: 2F 1-2: Ball 2-2: Ball 3-2: DOUBLE (Line Drive, 78M) William Robinson to third Runner from 3rd tries for Home, SAFE, no throw
|
Batting: RHB Raúl Flores
|
0-0: Intentional Walk
|
Batting: RHB Sean King
|
Balk! Earl Godwin to third Raúl Flores to second 0-0: Ball 1-0: Ground out 6-3 (Groundball, 6S)
|
Batting: RHB Kel Weeks
|
0-0: Ball 1-0: SINGLE (Line Drive, 78S) Earl Godwin scores Raúl Flores to third Runner from 3rd tries for Home, SAFE, no throw
|
Pitching: LHP Pedro Rosado
|
|
Batting: RHB Vaughan Tillman
|
0-0: Ball 1-0: Ball Wild Pitch! Kel Weeks to second 2-0: Ball 3-0: Called Strike 3-1: Ground out 6-3 (Groundball, 56)
|
Top of the 10th over - 3 run(s), 2 hit(s), 0 error(s), 1 left on base; Minnesota 7 - Plumstead 4 |
BOTTOM OF THE 10TH |
Plumstead Eagles batting - Pitching for Minnesota Death Stars : RHP Alfredo Cabral
|
Now at C: Pat McDonald
|
|
Batting: RHB Kolomon Meise
|
0-0: Called Strike 0-1: Ball 1-1: Swinging Strike 1-2: Ball 2-2: Fly out, F3 (Popup, 3L)
|
Batting: RHB Jeff Townsley
|
0-0: Ground out 6-3 (Groundball, 6)
|
|
|
Batting: RHB Diego Ledezma
|
0-0: Ball 1-0: Called Strike 1-1: Ball 2-1: Ball 3-1: Called Strike 3-2: Fly out, F9 (Flyball, 9)
|
Bottom of the 10th over - 0 run(s), 0 hit(s), 0 error(s), 0 left on base; Minnesota 7 - Plumstead 4 |
|
Thursday, March 30th, 2017 - OOTP Baseball 17.12 Build 75
|
|